[Event "Elitserien 2022/2023"]
[Site "Helsingborg"]
[Date "2022.10.16"]
[Round "3.33"]
[White "Sylvan, Jacob"]
[Black "Bergstrom, Peter"]
[Result "1-0"]
[WhiteElo "2310"]
[BlackElo "2319"]
[TimeControl "90 minutes for 40 moves + 30 minutes for the rest of the game + 30 seconds per move from move one."]

1.e4 c6 2.d4 d5 3.e5 Bf5 4.Nf3 e6 5.Be2 Ne7 6.O-O Ng6 7.Be3 Nd7 8.Nbd2 h5 
9.c4 h4 10.h3 Be7 11.Ne1 f6 12.exf6 Bxf6 13.Bd3 Ne7 14.Ndf3 dxc4 15.Bxc4 
Nb6 16.Bb3 Nbd5 17.Nd3 Qc7 18.Nfe5 Ng6 19.Bxd5 exd5 20.Nxg6 Bxg6 21.Bf4 
Qb6 22.Re1+ Kf7 23.Ne5+ Bxe5 24.Bxe5 Rh5 25.Bd6 Qd8 26.Re7+ Kg8 27.Ba3 b6 
28.Qg4 Kh7 29.Rae1 Qc8 30.R1e6 Rh6 31.Bd6 1-0

[Event "Elitserien 2022/2023"]
[Site "Helsingborg"]
[Date "2022.10.16"]
[Round "3.34"]
[White "Akesson, Ralf"]
[Black "Kristensen, Kaare Hove"]
[Result "1-0"]
[WhiteElo "2421"]
[BlackElo "2267"]
[TimeControl "90 minutes for 40 moves + 30 minutes for the rest of the game + 30 seconds per move from move one."]

1.d4 Nf6 2.c4 b6 3.Nc3 Bb7 4.d5 e6 5.a3 Bd6 6.Nf3 O-O 7.g3 c6 8.Bg2 Na6 9.
O-O cxd5 10.cxd5 Nxd5 11.Nxd5 exd5 12.b4 Nc7 13.Bb2 a5 14.Nd4 Be5 15.Qd2 
Bf6 16.Nf5 Bc6 17.Rfd1 axb4 18.axb4 Bxb2 19.Qxb2 Qf6 20.Qxf6 gxf6 21.Rac1 
Na6 22.Rd4 Rfe8 23.b5 Bxb5 24.Nd6 Bxe2 25.Bxd5 Kg7 26.Re1 Bf3 27.Nxe8+ 
Rxe8 28.Rxe8 Bxd5 29.Rg4+ Kh6 30.Reg8 1-0

[Event "Elitserien 2022/2023"]
[Site "Helsingborg"]
[Date "2022.10.16"]
[Round "3.35"]
[White "Semcesen, Daniel"]
[Black "Landgren, Andreas"]
[Result "1/2-1/2"]
[WhiteElo "2472"]
[BlackElo "2230"]
[TimeControl "90 minutes for 40 moves + 30 minutes for the rest of the game + 30 seconds per move from move one."]

1.d4 Nf6 2.c4 e6 3.Nc3 Bb4 4.Qc2 d5 5.a3 Bxc3+ 6.Qxc3 O-O 7.e3 b6 8.Nf3 
Ba6 9.b3 Nbd7 10.Bb2 c5 11.Rc1 Rc8 12.Qd3 cxd4 13.exd4 Ne4 14.Be2 Nd6 15.
Nd2 Qg5 16.O-O Rc7 17.Rc2 Rfc8 18.Rfc1 Nf6 19.Qe3 Qxe3 20.fxe3 Nfe4 21.
Nxe4 Nxe4 22.a4 dxc4 23.bxc4 Kf8 24.Bd3 f5 25.Ba3+ Kf7 26.Bb4 h6 27.Bxe4 
fxe4 28.c5 Bd3 29.Rc3 bxc5 30.dxc5 Rb7 31.Ba5 Rc6 32.Bd8 Ke8 33.Bh4 Rb4 
34.Bg3 Rxa4 35.Rb3 Rc4 36.Rb8+ Kf7 37.Rxc4 Bxc4 38.Bd6 a6 39.Kf2 a5 40.
Rb7+ Kg6 41.Bf8 Rc8 42.Bxg7 Rxc5 43.g4 Bd5 44.Ra7 Rb5 45.Bc3 Rb7 46.Rxa5 
h5 47.gxh5+ Kxh5 48.Rc5 Rf7+ 49.Kg2 Rf3 50.Bd4 Kg6 51.Kg1 Rf7 52.Rc8 Kf5 
53.Rc2 Rb7 1/2-1/2

[Event "Elitserien 2022/2023"]
[Site "Helsingborg"]
[Date "2022.10.16"]
[Round "3.36"]
[White "Norberg, Johan"]
[Black "Nilsson, Anders"]
[Result "1/2-1/2"]
[WhiteElo "2275"]
[BlackElo "2209"]
[TimeControl "90 minutes for 40 moves + 30 minutes for the rest of the game + 30 seconds per move from move one."]

1.e4 g6 2.d4 c6 3.Nc3 d5 4.Be3 dxe4 5.Nxe4 Bg7 6.Bc4 Nf6 7.Nxf6+ exf6 8.
Ne2 O-O 9.h4 Re8 10.h5 Be6 11.Bxe6 Rxe6 12.hxg6 fxg6 13.Nf4 Re4 14.Qd3 Qe8
15.Qb3+ Qf7 16.Qxf7+ Kxf7 17.Rxh7 Nd7 18.O-O-O Nf8 19.Rhh1 g5 20.Nh5 b6 
21.Rd3 Ng6 22.Ng3 Rg4 23.Nf5 Nh4 24.Nxh4 gxh4 25.d5 c5 26.d6 f5 27.f3 Rxg2
28.Rxh4 Ke6 29.Bf4 Rg1+ 30.Kd2 Rg2+ 31.Kd1 Rg1+ 32.Ke2 Bf6 33.Rh6 Rag8 34.
Re3+ Kf7 35.Rh7+ R8g7 36.Rxg7+ Kxg7 37.d7 Rg2+ 38.Ke1 Bh4+ 39.Kd1 Rg1+ 40.
Kd2 Rg2+ 41.Kc3 Kf7 42.Bc7 Bf6+ 43.Kb3 Rd2 1/2-1/2

[Event "Elitserien 2022/2023"]
[Site "Helsingborg"]
[Date "2022.10.16"]
[Round "3.37"]
[White "Rosell, Tomas"]
[Black "Janse, Love"]
[Result "1-0"]
[WhiteElo "2174"]
[BlackElo "2219"]
[TimeControl "90 minutes for 40 moves + 30 minutes for the rest of the game + 30 seconds per move from move one."]

1.e4 e6 2.d4 d5 3.Nc3 Bb4 4.exd5 exd5 5.a3 Bxc3+ 6.bxc3 Nc6 7.Bd3 Nge7 8.
Qh5 Be6 9.Nf3 Qd7 10.Ng5 g6 11.Qf3 O-O-O 12.O-O Rdf8 13.Nxe6 fxe6 14.Qe2 
Nf5 15.a4 Re8 16.f4 Na5 17.Ba3 Nd6 18.Bxd6 Qxd6 19.g3 c5 20.Qe3 c4 21.Be2 
h5 22.Rfe1 Nc6 23.Bf3 Kd7 24.h4 Ne7 25.Kh2 Nf5 26.Qd2 Rc8 27.Re5 Rc6 28.
Qg2 Kc7 29.Rae1 Qd7 30.Qe2 Ng7 31.Bxd5 exd5 32.Re7 Re8 33.Rxd7+ Kxd7 34.
Qd1 Rxe1 35.Qxe1 Re6 36.Qb1 b6 37.Qb5+ Kd6 38.a5 Nf5 39.axb6 axb6 40.Qxb6+
Ke7 41.Qb7+ Kf6 42.Qxd5 Re2+ 43.Kg1 Re1+ 44.Kf2 Rf1+ 45.Ke2 Nxg3+ 46.Kd2 
Rf2+ 47.Kc1 Ne2+ 48.Kb2 Nxf4 49.Qxc4 Kf5 50.Qb5+ Ke4 51.Qe5+ Kf3 52.Kb3 
Re2 53.Qg5 Rg2 54.Qf6 Rd2 55.c4 Ke4 56.Qe5+ Kf3 57.d5 Re2 58.Qf6 Re3+ 59.
Kb4 Re4 60.d6 Ke3 61.Qc3+ Ke2 62.Kb5 Re3 63.Qf6 1-0

[Event "Elitserien 2022/2023"]
[Site "Helsingborg"]
[Date "2022.10.16"]
[Round "3.39"]
[White "Rothman, Peter"]
[Black "Backman, Andreas"]
[Result "1/2-1/2"]
[WhiteElo "2135"]
[BlackElo "2106"]
[TimeControl "90 minutes for 40 moves + 30 minutes for the rest of the game + 30 seconds per move from move one."]

1.c4 g6 2.Nc3 Bg7 3.Nf3 d6 4.d4 Nf6 5.g3 O-O 6.Bg2 c6 7.O-O Qb6 8.h3 Qa6 
9.b3 b5 10.cxb5 cxb5 11.Bg5 Bb7 12.b4 Rc8 13.Qd3 Qb6 14.a4 bxa4 15.Nxa4 
Qd8 16.Rfc1 Rxc1+ 17.Rxc1 Nbd7 18.Bd2 Rc8 19.Rxc8 Qxc8 20.Nc3 Nb6 21.Ne1 
Bxg2 22.Kxg2 Nc4 23.b5 Nxd2 24.Qxd2 Qb7+ 25.Nf3 a6 26.bxa6 Qxa6 27.Qb2 Qa8
1/2-1/2

[Event "Elitserien 2022/2023"]
[Site "Helsingborg"]
[Date "2022.10.16"]
[Round "3.40"]
[White "Nordebrink, Johan"]
[Black "Olsson, Fredric"]
[Result "1-0"]
[WhiteElo "2089"]
[BlackElo "2046"]
[TimeControl "90 minutes for 40 moves + 30 minutes for the rest of the game + 30 seconds per move from move one."]

1.e4 c5 2.c3 Nf6 3.e5 Nd5 4.Nf3 Nc6 5.d4 cxd4 6.cxd4 d6 7.Bc4 Nb6 8.Bb3 
dxe5 9.Nxe5 Nxe5 10.dxe5 Qxd1+ 11.Bxd1 Be6 12.O-O Bd5 13.Nc3 Bc6 14.e6 
fxe6 15.Re1 Nd5 16.Ne4 Nb4 17.Nc5 Rd8 18.Nxe6 Nd3 19.Nxd8 Nxe1 20.Nxc6 
bxc6 21.Ba4 Nd3 22.Bxc6+ Kf7 23.Be3 1-0